 Dungeon Sprint DCSS version 0.28.0-43-g3370ac3207 (webtiles) character file.

Game seed: 7522388875184407377

112 boopmooplesden the Chopper (level 4, -3/48 HPs)
             Began as a Minotaur Berserker on Mar 17, 2022.
             Was a Follower of Trog.
             Succumbed to Sigmund's poison
             ... in the Dungeon (Sprint I: "Red Sonja").
             The game lasted 00:00:24 (148 turns).

boopmooplesden the Chopper (Minotaur Berserker)      Turns: 148, Time: 00:00:25

Health: -3/48      AC:  7    Str: 22    XL:     4   Next: 64%
Magic:  3/3        EV: 11    Int:  4    God:    Trog [*.....]
Gold:   54         SH:  0    Dex: 11    Spells: 3/3 levels left

rFire   . . .      SeeInvis .   a - +0 hand axe
rCold   . . .      Faith    .   (no shield)
rNeg    . . .      Spirit   .   j - +0 scale mail
rPois   .          Reflect  .   (helmet restricted)
rElec   .          Harm     .   (no cloak)
rCorr   .          Rampage  .   (no gloves)
Will    .....      NoTele   +   (no boots)
Stlth   ..........              (no amulet)
HPRegen 0.16/turn               (no ring)
MPRegen 0.08/turn               (no ring)

@: lethally poisoned (-3 -> -20), on berserk cooldown, slowed, very slow
A: horns 2, retaliatory headbutt
a: Renounce Religion, Berserk


You were in the Dungeon.
You worshipped Trog.
Trog was aware of your devotion.
You visited 1 branch You collected 54 gold pieces.

Inventory:

Hand Weapons
 a - a +0 hand axe (weapon)
Armour
 b - a +0 animal skin
 j - a +0 scale mail (worn)
Wands
 i - a wand of paralysis (11)
Scrolls
 h - a scroll of blinking
Potions
 c - a potion of curing
 d - a potion of heal wounds
 e - a potion of haste
 f - 2 potions of magic
 g - a potion of berserk rage


   Skills:
 + Level 7.8 Fighting
 + Level 7.8 Axes
 + Level 4.2 Armour
 + Level 4.1 Dodging


You had 3 spell levels left.
You didn't know any spells.
Your spell library was empty.

Dungeon Overview and Level Annotations

Branches:
Dungeon (1/1)

Altars:

Annotations:
D Sigmund


Innate Abilities, Weirdness & Mutations

You have a pair of horns on your head.
You reflexively headbutt those who attack you in melee.


Message History

You hear some strange, mumbled words.
You are confused.
You're too confused to move!
You feel sick.
You hear some strange, mumbled words.
A magic dart appears from out of thin air!
The magic dart hits you!
You bump into the rock wall.
You feel a strong urge to attack something.
You feel sick.
You closely miss something. Your headbutt misses something.
You feel sick.
You hear some strange, mumbled words.
Something tries to affect you, but you resist.
You closely miss something. Your headbutt misses something.
You feel sick. Something hits you but does no damage.
You are more poisoned.
There is an open door here.
You feel a strong urge to attack something.
You are no longer berserk.
You are exhausted.
You feel yourself slow down.
You feel sick.
You bump into the rock wall.
You feel less confused.
You feel very sick. Something hits you!
You feel sick. Something barely misses you.
There is an open door here.
You miss something. Your headbutt misses something.
You feel sick. Something hits you but does no damage.
You are more poisoned.
You hit something.
* * * LOW HITPOINT WARNING * * *
You feel very sick. Something hits you!
* * * LOW HITPOINT WARNING * * *
You are more poisoned.
You hit something.
* * * LOW HITPOINT WARNING * * *
You feel very sick.
You closely miss something.
You die...

#############
#<.#.)').#..+
#..'..#..{..#
#..#####@####
#..# #..#
#..# ####
#..# #⌠⌠#
####


There were no monsters in sight!

Vanquished Creatures
  An ogre (D)
  Ijyb (D)
2 creatures vanquished.

Notes
Turn   | Place    | Note
-------+----------+-------------------------------------------
     0 | D        | boopmooplesden the Minotaur Berserker began the quest for
                  | the Orb.
     0 | D        | Reached XP level 1. HP: 19/19 MP: 0/0
     3 | D        | Noticed Ijyb
     6 | D        | Killed Ijyb
     7 | D        | Reached skill level 5 in Fighting
     7 | D        | Reached skill level 5 in Axes
     7 | D        | Reached XP level 2. HP: 29/29 MP: 1/1
    42 | D        | Noticed an ogre
    46 | D        | Killed an ogre
    47 | D        | Reached XP level 3. HP: 40/40 MP: 2/2
    47 | D        | Reached XP level 4. HP: 48/48 MP: 3/3
   130 | D        | Noticed Sigmund
   147 | D        | HP: 2/48 [poisoned by Sigmund]
   148 | D        | Succumbed to Sigmund's poison

Illustrated notes

Levels and vault maps discovered:
D:        dungeon_sprint_1 [red_sonja_temple_1, red_sonja_temple_small_1]

Skill      XL: |  1  2 |
---------------+-------+-----
Fighting       | 5 7 |  7.8
Axes           | 5 7 |  7.8
Armour         | 3 4 |  4.2
Dodging        | 3 4 |  4.1

Action                   |  1- 3 |  4- 6 || total
-------------------------+-------+-------++-------
Melee: Hand axe          |     6 |     8 ||    14
       Headbutt          |     2 |     2 ||     4
       Punch             |     1 |       ||     1
Invok: Berserk           |     2 |     1 ||     3
Armor: Scale mail        |       |     3 ||     3
Dodge: Dodged            |     1 |     1 ||     2
